 Dungeon Sprint DCSS version 0.25.1-2-g60ff931df9 (webtiles) character file.

Game seed: 1321769272720591472

155 listentometal the Destroyer (level 5, -4/28 HPs)
             Began as a Tengu Fire Elementalist on Oct 10, 2020.
             Killed from afar by a wizard (14 damage)
             ... with a lance of force
             ... in the Dungeon (Sprint III: "The Ten Rune Challenge").
             The game lasted 00:02:06 (478 turns).

listentometal the Destroyer (TeFE)                   Turns: 478, Time: 00:02:07

Health: -4/28      AC:  2    Str:  8    XL:     5   Next: 37%
Magic:  6/12       EV: 14    Int: 17    God:
Gold:   21         SH:  0    Dex: 14    Spells: 7/12 levels left

rFire    . . .     SeeInvis .   (no weapon)
rCold    . . .     Gourm    .   (no shield)
rNeg     . . .     Faith    .   a - +0 robe
rPois    .         Spirit   .   (helmet restricted)
rElec    .         Reflect  .   (no cloak)
rCorr    .         Harm     .   (no gloves)
MR       .....     NoTele   +   (boots unavailable)
Stlth    ++........             (no amulet)
HPRegen  0.09/turn              (no ring)
MPRegen  0.13/turn              (no ring)

@: no status effects
A: beak, talons 3, able to fly
a: Fly


You were in the Dungeon.
You were not hungry.

You visited 1 branch You collected 21 gold pieces.

Inventory:

Hand Weapons
 j - a +0 club
Missiles
 k - 10 poisoned darts (quivered)
Armour
 a - a +0 robe (worn)
Scrolls
 i - a scroll of blinking
 l - a scroll of holy word {unknown}
 m - 3 scrolls of remove curse {unknown}
 o - a scroll of torment {unknown}
 p - a scroll of identify {unknown}
Potions
 d - a potion of curing
 e - a potion of heal wounds
 f - a potion of haste
 g - 2 potions of magic
 h - a potion of berserk rage
 n - 4 potions of flight
 q - 5 potions of mutation
Comestibles
 c - 3 rations


   Skills:
 - Level 3.8 Dodging
 - Level 2.0 Stealth
 + Level 4.4 Spellcasting
 * Level 8.3 Conjurations
 * Level 7.6 Fire Magic


You had 7 spell levels left.
You knew the following spells:

 Your Spells              Type           Power        Failure   Level  Hunger
a - Foxfire               Conj/Fire      ####         1%          1    None
c - Sticky Flame          Conj/Fire      ####....     5%          4    ####...

Your spell library contained the following spells:

 Spells                   Type           Power        Failure   Level  Hunger
 Conjure Flame            Conj/Fire      ####....     1%          3    ###....
 Inner Flame              Hex/Fire       ###.....     10%         3    ###....
 Fireball                 Conj/Fire      ####......   16%         5    ######.


Dungeon Overview and Level Annotations

Branches:
Dungeon (1/1)

Altars:
Kikubaaqudgha
Sif Muna
Vehumet


Innate Abilities, Weirdness & Mutations

You have a beak for a mouth.
You have claws for feet.
You can fly continuously.


Message History

The kobold demonologist hits you with a +0 dagger.
The soul eater hits you!
Unknown command.
Unknown command.
Unknown command.
Your foxfire dissipates!
The foxfire hits the soul eater but does no damage.
The wizard gestures wildly while chanting.
The wizard blinks!
The soul eater barely misses you.
Unknown command.
Casting: Foxfire (safe; 1% risk of failure)
Confirm with . or Enter, or press ? or * to list all spells.
You conjure some foxfire!
The kobold demonologist closely misses you.
The soul eater is engulfed in a cloud of scalding steam.
The soul eater completely misses you.
The wizard points at you and mumbles some strange words.
The lance of force hits you!
Ouch! That really hurt!
You die...

▓▓▓▓▓▓▓▓▓▓ ▓▓▓
#..'.....♣♣ ♣.#
#..#......♣ ♣.#
####......♣ ♣♣.#
...#....≈♣♣♣♣..###+#+###
÷..#...≈≈......#........
[.(#..≈≈≈≈.♣...'vv......
##'#..†≈≈≈≈≈♣..#@p.####
...#.≈≈≈≈≈≈....#K3.#
...#.≈≈≈≈≈.....#...#
...#.≈≈≈.......#'###
####...........#.:$#
...............#___#
▓▓▓▓▓▓▓▓▓▓▓▓▓▓▓▓▓▓▓▓


You could see a soul eater (summoned), a wizard and a kobold demonologist.

Vanquished Creatures
  A water elemental (D)
  A scorpion (D)
  Jessica (D)
  A human (D)
  2 oozes (D)
  A rat (D)
7 creatures vanquished.

Vanquished Creatures (others)
  55 foxfires (D)
  A plant (D)
56 creatures vanquished.

Grand Total: 63 creatures vanquished

Notes
Turn   | Place    | Note
-------+----------+-------------------------------------------
     0 | D        | listentometal the Tengu Fire Elementalist began the quest
                  | for the Orb.
     0 | D        | Reached XP level 1. HP: 10/10 MP: 4/4
     8 | D        | Reached skill level 2 in Conjurations
    51 | D        | Reached skill level 3 in Conjurations
    51 | D        | Reached XP level 2. HP: 6/15 MP: 0/6
   121 | D        | Noticed Jessica
   143 | D        | Killed Jessica
   143 | D        | Reached skill level 4 in Conjurations
   143 | D        | Reached skill level 5 in Fire Magic
   143 | D        | Reached XP level 3. HP: 14/19 MP: 1/8
   229 | D        | Reached skill level 5 in Conjurations
   361 | D        | Noticed a scorpion
   373 | D        | Killed a scorpion
   373 | D        | Reached skill level 7 in Conjurations
   373 | D        | Reached XP level 4. HP: 20/24 MP: 4/10
   425 | D        | Learned a level 4 spell: Sticky Flame
   429 | D        | Noticed a water elemental
   432 | D        | Killed a water elemental
   432 | D        | Reached skill level 8 in Conjurations
   432 | D        | Gained mutation: You can fly continuously. [Tengu growth]
   432 | D        | Reached XP level 5. HP: 28/28 MP: 7/12
   467 | D        | Found a radiant altar of Vehumet.
   468 | D        | Found a shimmering blue altar of Sif Muna.
   468 | D        | Found an ancient bone altar of Kikubaaqudgha.
   474 | D        | Noticed a soul eater
   478 | D        | Killed from afar by a wizard

Illustrated notes

Levels and vault maps discovered:
D:        dungeon_sprint_mu [sprint_mu_entry_forest, sprint_mu_temple_rooms,
          sprint_mu_d1_spiders, sprint_mu_d2_genie, sprint_mu_d3_branching,
          sprint_mu_orc_legion, sprint_mu_elf_gauntlet, sprint_mu_hive_nellie,
          sprint_mu_lair_fedhas, sprint_mu_vaults_butterflies,
          sprint_mu_slime_circle, sprint_mu_swamp_cave, sprint_mu_shoals_kraken,
          sprint_mu_blade_basic, sprint_mu_crypt_fortress,
          sprint_mu_tomb_spiral, sprint_mu_vestibule_basic,
          sprint_mu_gehenna_hellfire, sprint_mu_dis_giant,
          sprint_mu_tartarus_statrot, sprint_mu_cocytus_islands, sprint_mu_zot1]

Skill      XL: |  1  2  3  4 |
---------------+-------------+-----
Conjurations   | 3 4 7 8 |  8.3
Fire Magic     | 4 5 6 7 |  7.6
Dodging        | 3 |  3.8
Spellcasting   | 3 4 |  4.4
Stealth        | |  2.0

Action                   |  1- 3 |  4- 6 || total
-------------------------+-------+-------++-------
Melee: Unarmed           |     4 |       ||     4
       Kick              |     3 |       ||     3
       Peck              |     1 |       ||     1
Throw: Dart              |     5 |       ||     5
 Cast: Foxfire           |    26 |    10 ||    36
Dodge: Dodged            |     6 |     5 ||    11
